 Dungeon Crawl Stone Soup version 0.19-a0-1468-ge013c26 (webtiles) character file.

31211 rlgrobin the Carver (level 13, -4/95 HPs)
             Began as a Vampire Warper on Sept 7, 2016.
             Was a High Priest of Kikubaaqudgha.
             Killed by divine providence
             ... invoked by an orc priest
              (10 damage)
             ... on level 2 of the Orcish Mines.
             The game lasted 00:57:51 (18229 turns).

rlgrobin the Carver (Vampire Warper)               Turns: 18229, Time: 00:57:52

Health: -4/95      AC: 19    Str: 20    XL:     13   Next: 24%
Magic:  16/16      EV: 15    Int: 18    God:    Kikubaaqudgha [*****.]
Gold:   429        SH:  0    Dex: 17    Spells: 5 memorised, 7 levels left

rFire  + . .     SeeInvis +     S - +2 scimitar of Exchange {freeze, *Drain +Blink rElec Str+8}
rCold  + + +     Gourm    +     G - +3 scale mail {rC+}
rNeg   + . .     Faith    .     (no shield)
rPois  +         Spirit   .     k - +0 helmet
rElec  +         Dismiss  .     b - +2 cloak
rCorr  .         Reflect  .     (no gloves)
MR     ++...     Harm     .     A - +2 pair of boots
Stlth  ..........               V - amulet of the gourmand
                                Q - ring "Measkitu" {rElec rPois rF+ rC++ Dex+3}
                                y - ring of protection from magic

@: about to teleport
A: claws 1, fangs 3, see invisible, unbreathing
a: Bat Form, Receive Corpses, Torment, Renounce Religion, Evoke Blink


You were on level 2 of the Orcish Mines.
You worshipped Kikubaaqudgha.
Kikubaaqudgha was extremely pleased with you.
You were not thirsty.

You visited 3 branches of the dungeon, and saw 18 of its levels.
You visited 1 bazaar.
You also visited: Labyrinth and Sewer.

You collected 1041 gold pieces.
You spent 612 gold pieces at shops.

Inventory:

Hand Weapons
 a - the +3 great sword "Ultimatum" {slice, rC+}
   (You found it in a labyrinth)

   It inflicts extra damage upon your enemies.
   It protects you from cold.
 z - a +1 blowgun
 S - the +2 scimitar of Exchange (weapon) {freeze, *Drain +Blink rElec Str+8}
   (You found it on level 12 of the Dungeon)

   It has been specially enchanted to freeze those struck by it, causing extra
   injury to most foes and up to half again as much damage against particularly
   susceptible opponents.
   It can also slow down cold-blooded creatures.
   It affects your strength (+8).
   It insulates you from electricity.
   It lets you blink.
   It causes draining when unequipped.
Missiles
 e - 5 tomahawks of dispersal
 m - 20 tomahawks
 p - 6 javelins of returning (quivered)
 w - 3 curare-tipped needles
Armour
 b - a +2 cloak (worn)
 k - a +0 helmet (worn)
 x - a +3 leather armour
 A - a +2 pair of boots (worn)
 G - a +3 scale mail of cold resistance (worn)
 H - a +2 shield of protection
Magical Staves
 I - an uncursed staff of cold {unknown}
Rods
 j - a +2 rod of ignition (9/9) {!a}
   (You took it off a minotaur in a labyrinth)
Jewellery
 l - an uncursed ring of fire
 y - a ring of protection from magic (left claw)
 C - an uncursed ring of protection from magic
 M - an uncursed ring of magical power
 Q - the ring "Measkitu" (right claw) {rElec rPois rF+ rC++ Dex+3}
   (You bought it in a shop in a bazaar)

   [ring of poison resistance]

   It affects your dexterity (+3).
   It protects you from fire.
   It greatly protects you from cold.
   It insulates you from electricity.
   It protects you from poison.
 V - an amulet of the gourmand (around neck)
Wands
 f - a wand of hasting (0/9)
 n - a wand of iceblast (0/15)
 K - a wand of lightning (0/15)
 L - a wand of digging (5/24)
 N - a wand of disintegration (5/24)
 P - a wand of iceblast (5/15)
 R - a wand of slowing (7/48)
Scrolls
 d - a scroll of teleportation
 i - a scroll of enchant armour
 s - 2 scrolls of remove curse
 t - a scroll of amnesia
 J - 2 scrolls of identify
 U - a scroll of magic mapping
Potions
 g - 3 potions of flight
 h - 5 potions of curing
 o - 5 potions of might
 q - 2 potions of lignification
 u - 2 potions of agility
 v - a potion of cancellation
 D - a potion of magic
 W - a potion of resistance {unknown}
Books
 c - a book of Spatial Translocations

   Spells                             Type                      Level
   a - Apportation                    Translocation                1
   b - Blink                          Translocation                2
   c - Shroud of Golubria             Charms/Translocation         2
   d - Portal Projectile              Translocation                3
   e - Teleport Other                 Translocation                3
   f - Passage of Golubria            Translocation                4
 r - a book of Air

   Spells                             Type                      Level
   a - Shock                          Conjuration/Air              1
   b - Swiftness                      Charms/Air                   2
   c - Repel Missiles                 Charms/Air                   2
   d - Static Discharge               Conjuration/Air              3
   e - Lightning Bolt                 Conjuration/Air              5
 E - Kikubaaqudgha's Handbook of Evil Secrets {god gift}
   (Kikubaaqudgha gifted it to you on level 7 of the Dungeon)

   Spells                             Type                      Level
   a - Animate Skeleton               Necromancy                   1
   b - Corpse Rot                     Necromancy                   2
   c - Sublimation of Blood           Necromancy                   2
   d - Vampiric Draining              Necromancy                   3
   e - Control Undead                 Necromancy                   4
 O - Kikubaaqudgha's Grimoire of Unholy Arts {god gift}
   (Kikubaaqudgha gifted it to you on level 11 of the Dungeon)

   Spells                             Type                      Level
   a - Excruciating Wounds            Charms/Necromancy            5
   b - Agony                          Necromancy                   5
   c - Cigotuvi's Embrace             Necromancy                   5
   d - Dispel Undead                  Necromancy                   5
   e - Simulacrum                     Ice/Necromancy               6
Miscellaneous
 F - a fan of gales


   Skills:
 + Level 6.7 Fighting
 - Level 14.0 Long Blades
 - Level 0.7 Throwing
 + Level 7.4 Armour
 + Level 8.0 Dodging
 - Level 2.0 Spellcasting
 - Level 6.5 Charms
 + Level 9.2 Necromancy
 - Level 2.4 Translocations
 - Level 6.0 Air Magic


You had 7 spell levels left.
You knew the following spells:

 Your Spells              Type           Power        Failure   Level  Hunger
a - Apportation           Tloc           ##........   21%         1    #......
d - Vampiric Draining     Necr           #####.....   3%          3    ###....
q - Blink                 Tloc           N/A          30%         2    ###....
v - Repel Missiles        Chrm/Air       ###...       8%          2    ###....
z - Animate Skeleton      Necr           N/A          1%          1    #......


Dungeon Overview and Level Annotations

Branches:
Dungeon (15/15)            Temple (1/1) D:7            Lair (0/6) D:8
    Orc (2/2) D:11         Depths (0/5) D:15
    Elf: Orc:2       Vaults: D:13-14

Altars:
Ashenzari
Cheibriados
Dithmenos
Elyvilon
Fedhas
Gozag
Hepliaklqana
Kikubaaqudgha
Makhleb
Nemelex Xobeh
Okawaru
Qazlal
Ru
Sif Muna
Trog
Uskayaw
Vehumet
Xom
Yredelemnul
Zin
The Shining One

Annotations:
D:4 sveltemanboy's ghost, novice HuFi


Innate Abilities, Weirdness & Mutations

You have razor-sharp teeth.
You have supernaturally acute eyesight. (SInv)
You can survive without breathing.
You have sharp fingernails.


Message History

* * * LOW HITPOINT WARNING * * *
The orc high priest invokes the aid of Beogh against you.
Beogh smites you!
* * * LOW HITPOINT WARNING * * *
Okay, then.
Unknown command.
Okay, then.
Unknown command.
As you read the scroll of fog, it crumbles to dust.
The scroll dissolves into smoke.
The warg bites you.
* * * LOW HITPOINT WARNING * * *
The warg misses you.
You riposte.
You hit the warg. You freeze the warg.
The warg is heavily wounded.
The orc barely misses you.
You riposte.
You hit the orc. You freeze the orc. You bite the orc.
The orc is almost dead.
The orc priest calls down the wrath of Beogh upon you.
Beogh smites you!
You die...
Kikubaaqudgha rasps: "You have failed me!
Welcome... oblivion!"

####### ################# ###
...##.###.#.#.#.....#.#.###.##
.........................#...##
..........................#...#
.....................4.......##
..#.#.............o..o.#......##
.#.#...........§§hoo.........#.##
..............§§@ho..3..........#
...†).........§§§o........#..#4..
...<)#........#..............#.3.
...#####.......................4.
..## ..................#.##.#.
.## ..#................##.... #
#.#........#...... #....
........##... ..... ......


You could see a soul eater, an orc high priest, 2 wargs, a red devil, 3 orc
priests and 2 orcs.

Vanquished Creatures
  Gastronok (D:8)
  A minotaur (Lab)
  A hydra (D:11)
  An ogre mage (D:15)
  A tengu warrior (D:9)
  7 wizards
  4 hill giants
  Pikel (D:5)
  3 ugly things
  3 deep elf magi
  2 orc sorcerers
  A naga mage (D:15)
  A gargoyle (D:12)
  Joseph (D:8)
  4 kobold demonologists
  A komodo dragon (D:11)
  5 trolls
  3 two-headed ogres
  2 dream sheep (D:11)
  A slime creature (D:13)
  A meliai zombie (D:14)
  A wraith (D:11)
  21 yaks
  A wyvern (D:9)
  A hungry ghost (D:13)
  3 hippogriffs
  4 wargs (Orc:1)
  2 mottled dragons (D:14)
  A soldier ant (D:11)
  A water moccasin (D:11)
  2 hell hounds
  10 orc warriors
  2 slaves (D:4)
  2 black bears
  A necrophage (D:12)
  4 ice beasts
  5 sky beasts
  4 phantoms
  7 ogres
  6 centaurs
  5 big kobolds
  10 giant frogs
  A gnoll sergeant (D:7)
  A water moccasin skeleton (D:7)
  5 scorpions
  7 killer bees (D:8)
  6 wights
  7 howler monkeys
  6 electric eels (D:11)
  8 crimson imps
  4 centaur zombies
  3 giant frog zombies
  5 hounds
  Crazy Yiuf (D:6)
  2 centaur skeletons
  13 orc priests
  2 jellies
  11 orc wizards
  A giant frog skeleton (D:4)
  4 iguanas
  Natasha (thrice) (D:2)
  Terence (D:2)
  12 worker ants
  2 hound zombies (D:6)
  A hound skeleton (D:4)
  3 worker ant zombies
  8 gnolls
  16 adders
  A howler monkey skeleton (D:4)
  7 river rats (Sewer)
  2 shadow imps
  2 oozes
  8 adder skeletons
  5 worms
  4 dart slugs
  7 giant geckos
  46 orcs
  4 bats
  6 giant cockroaches
  11 goblins
  8 hobgoblins
  12 jackals
  33 kobolds
  4 quokkas
  8 ball pythons
  8 giant newts
  A quokka skeleton (D:4)
  25 rats
  A fungus (D:6)
474 creatures vanquished.

Vanquished Creatures (collateral kills)
  An orc (D:12)
1 creature vanquished.

Vanquished Creatures (others)
  A plant (D:11)
1 creature vanquished.

Grand Total: 476 creatures vanquished

Notes
Turn   | Place    | Note
-------+----------+-------------------------------------------
     0 | D:1      | rlgrobin the Vampire Warper began the quest for the Orb.
     0 | D:1      | Reached XP level 1. HP: 16/16 MP: 3/3
   297 | D:1      | Reached XP level 2. HP: 20/22 MP: 5/5
   470 | D:1      | Reached skill level 3 in Long Blades
   527 | D:1      | Learned a level 2 spell: Blink
   906 | D:2      | Reached XP level 3. HP: 17/27 MP: 6/6
   980 | D:2      | Reached skill level 4 in Long Blades
   984 | D:2      | Noticed Natasha
   994 | D:2      | Killed Natasha
   994 | D:2      | Reached XP level 4. HP: 16/33 MP: 7/7
  1259 | D:2      | Noticed Terence
  1286 | D:2      | Killed Terence
  1556 | D:2      | Reached skill level 5 in Long Blades
  1771 | D:2      | Reached XP level 5. HP: 37/38 MP: 8/8
  1837 | D:2      | Noticed Natasha
  1845 | D:2      | Killed Natasha
  2299 | D:2      | Noticed Natasha
  2317 | D:2      | Killed Natasha
  2317 | D:2      | Reached skill level 6 in Long Blades
  2857 | D:3      | Reached XP level 6. HP: 44/44 MP: 9/9
  3100 | D:4      | Noticed sveltemanboy's ghost (novice HuFi)
  3380 | D:4      | Reached skill level 7 in Long Blades
  4295 | D:4      | Found a shimmering altar of Xom.
  4319 | D:4      | Found a glowing silver altar of Zin.
  4496 | D:4      | Reached XP level 7. HP: 42/49 MP: 10/10
  4544 | D:5      | Entered Level 5 of the Dungeon
  4544 | D:5      | Found a sparkling altar of Nemelex Xobeh.
  4544 | D:5      | Noticed Pikel
  4722 | D:5      | Reached skill level 8 in Long Blades
  4783 | D:5      | Killed Pikel
  4783 | D:5      | Reached XP level 8. HP: 41/55 MP: 11/11
  5040 | D:5      | Found a snail-covered altar of Cheibriados.
  5230 | D:6      | Found a basalt altar of Yredelemnul.
  5269 | D:6      | Reached skill level 5 in Armour
  5311 | D:6      | Found a glowing drain.
  5327 | Sewer    | Entered a sewer
  6438 | D:6      | Found a runed door.
  6442 | D:6      | Noticed Crazy Yiuf
  6448 | D:6      | Killed Crazy Yiuf
  6523 | D:7      | Reached XP level 9. HP: 47/62 MP: 12/12
  6637 | D:7      | Found a shadowy altar of Dithmenos.
  6688 | D:7      | Found a blossoming altar of Fedhas.
  6988 | D:6      | Reached skill level 5 in Dodging
  7166 | D:7      | Reached skill level 5 in Fighting
  7192 | D:7      | Found a staircase to the Ecumenical Temple.
  7226 | Temple   | Entered the Ecumenical Temple
  7444 | Temple   | Became a worshipper of Kikubaaqudgha
  7853 | D:8      | Noticed Joseph
  7886 | D:8      | Killed Joseph
  7886 | D:8      | Reached XP level 10. HP: 58/76 MP: 13/13
  8261 | D:8      | Found a staircase to the Lair.
  8582 | D:7      | Reached * piety under Kikubaaqudgha
  8582 | D:7      | Identified Kikubaaqudgha's Handbook of Evil Secrets {god gift} (Kikubaaqudgha gifted it to you on level 7 of the Dungeon)
  8582 | D:7      | Received a gift from Kikubaaqudgha
  8629 | D:7      | Learned a level 1 spell: Animate Skeleton
  8672 | D:8      | Reached skill level 9 in Long Blades
  8783 | D:8      | Noticed Gastronok
  9037 | D:8      | Killed Gastronok
  9037 | D:8      | Reached skill level 11 in Long Blades
  9565 | D:9      | Noticed a tengu warrior
  9623 | D:9      | Killed a tengu warrior
  9623 | D:9      | Reached XP level 11. HP: 18/81 MP: 14/14
 10169 | D:9      | Found a shattered altar of Ashenzari.
 10881 | D:9      | Reached skill level 12 in Long Blades
 11135 | D:10     | Entered Level 10 of the Dungeon
 11143 | D:10     | Reached ** piety under Kikubaaqudgha
 11996 | D:11     | Gained mutation: You have sharp fingernails. [potion of beneficial mutation]
 12379 | D:11     | Reached skill level 13 in Long Blades
 12578 | D:11     | Noticed a white ugly thing
 12595 | D:11     | Killed a white ugly thing
 12848 | D:11     | Found a staircase to the Orcish Mines.
 13195 | D:11     | Reached *** piety under Kikubaaqudgha
 13195 | D:11     | Identified Kikubaaqudgha's Grimoire of Unholy Arts {god gift} (Kikubaaqudgha gifted it to you on level 11 of the Dungeon)
 13195 | D:11     | Received a gift from Kikubaaqudgha
 13241 | D:11     | Noticed a hill giant
 13448 | D:12     | Found a labyrinth entrance.
 13457 | Lab      | Entered a labyrinth
 13605 | Lab      | Noticed a minotaur
 13631 | Lab      | Killed a minotaur
 13658 | Lab      | Got a bone great sword
 13660 | Lab      | Identified the +3 great sword "Ultimatum" {slice, rC+} (You found it in a labyrinth)
 13677 | Lab      | Identified a +2 rod of ignition (9/9) {!a} (You took it off a minotaur in a labyrinth)
 13739 | D:12     | You fall through a shaft for 3 floors!
 13739 | D:15     | Entered Level 15 of the Dungeon
 13759 | D:15     | Found a flickering gateway to a bazaar.
 13773 | D:15     | Reached skill level 14 in Long Blades
 13782 | Bazaar   | Entered a bazaar
 13783 | Bazaar   | Found Kiuheag's Jewellery Shop.
 13783 | Bazaar   | Found Kosowikh's Assorted Antiques.
 13784 | Bazaar   | Found Udiyr Ywu's Gadget Emporium.
 13793 | Bazaar   | Found Voklut's Magic Scroll Emporium.
 13834 | Bazaar   | Bought a scroll labeled FEFEER IMEFRILEARR for 25 gold pieces
 13834 | Bazaar   | Bought a scroll labeled FEFEER IMEFRILEARR for 25 gold pieces
 13834 | Bazaar   | Bought a scroll labeled NEANELOOREPN for 25 gold pieces
 13849 | Bazaar   | Bought the ring "Measkitu" {rElec rPois rF+ rC++ Dex+3} for 453 gold pieces
 13888 | Bazaar   | Bought a scroll of teleportation for 36 gold pieces
 13888 | Bazaar   | Bought a scroll of identify for 24 gold pieces
 13888 | Bazaar   | Bought a scroll of identify for 24 gold pieces
 13940 | D:15     | Noticed a hill giant
 13964 | D:15     | Killed a hill giant
 14294 | D:15     | Learned a level 2 spell: Repel Missiles
 14298 | D:15     | Noticed a wizard
 14310 | D:15     | Killed a wizard
 14312 | D:15     | Reached skill level 5 in Necromancy
 14313 | D:15     | Noticed an ogre mage
 14327 | D:15     | Killed an ogre mage
 14327 | D:15     | Reached XP level 12. HP: 55/88 MP: 15/15
 14387 | D:15     | Noticed a death knight
 14585 | D:14     | Learned a level 3 spell: Vampiric Draining
 14929 | D:13     | Reached skill level 1 in Charms
 14929 | D:13     | Reached skill level 1 in Air Magic
 15151 | D:13     | Reached **** piety under Kikubaaqudgha
 15593 | D:12     | Got a dazzling scimitar
 15594 | D:12     | Identified the cursed +2 scimitar of Exchange {freeze, *Drain +Blink rElec Str+8} (You found it on level 12 of the Dungeon)
 15681 | D:12     | Reached skill level 5 in Charms
 15763 | D:12     | Reached skill level 5 in Air Magic
 16897 | D:11     | Reached XP level 13. HP: 74/93 MP: 16/16
 17444 | Orc:1    | Entered Level 1 of the Orcish Mines
 17454 | Orc:1    | Reached ***** piety under Kikubaaqudgha
 17575 | Orc:2    | Entered Level 2 of the Orcish Mines
 18229 | Orc:2    | Killed from afar by an orc priest

Vault maps used:
D:1:      dpeg_arrival_rooms_b, minivault_26
D:2:      minmay_small_reverse_x, uniq_terence, uniq_natasha
D:4:      zin_treasury, xom_teletrap_fun, first_bread
D:5:      nemelex_xobeh_ov_fountains_minmay, kennysheep_mini_moat, uniq_pikel
D:6:      kennysheep_little_box, gup_sewer_entry_glass, uniq_crazy_yiuf_cottage
D:7:      lemuel_doored_altar, fedhas_altar_3, nicolae_ossuary_entry_ruins
D:8:      minmay_lair_entry_lava, minmay_misc_feat_nine_boxes, uniq_gastronok,
          uniq_joseph
D:9:      ashenzari_altar_1
D:11:     orc_0_dummy, hangedman_ranch, kennysheep_generic_room_3
D:12:     lab_entry_generic
D:13:     minmay_wizard_corner, minmay_tree_intersection,
          lightli_church_of_beogh
D:14:     erik_vaults_1, moated_statue, basic_altar
D:15:     grunt_enter_depths_magical_seal, serial_shops, bzr_entry_gold,
          hangedman_decor_peaks_small
Temple:   oiseaux_autumnal_temple
Orc:2:    st_orc_town, basic_altar, uniq_maurice
Lab:      labyrinth_green, labyrinth_skeletal_remains, nicolae_lab_blocks,
          nicolae_lab_plus, labyrinth_glass_2, lab_statue, labyrinth_lava_lair,
          nicolae_lab_starburst, nicolae_lab_grate_2
Bazaar:   bazaar_minmay_plants
Sewer:    sewer_minmay_treatment

Skill      XL: |  1  2  3  4  5  6  7  8  9 10 11 12 13 |
---------------+----------------------------------------+-----
Long Blades    | 3 4 5 6 7 8 11 14 | 14.0
Armour         | 4 7 |  7.4
Fighting       | 2 5 6 |  6.7
Dodging        | 7 8 |  8.0
Necromancy     | 5 8 9 |  9.2
Charms         | 6 |  6.5
Air Magic      | 6 |  6.0
Throwing       | |  0.7
Spellcasting   | |  2.0
Translocations | |  2.4

Action                   |  1- 3 |  4- 6 |  7- 9 | 10-12 | 13-15 || total
-------------------------+-------+-------+-------+-------+-------++-------
Melee: Falchion          |   118 |   404 |   828 |   517 |       ||  1867
       Bite              |     9 |    47 |   105 |   154 |    29 ||   344
       Great sword       |       |       |       |   536 |       ||   536
       Long sword        |       |       |       |    45 |       ||    45
       Scimitar          |       |       |       |   200 |   188 ||   388
 Fire: Blowgun           |       |       |     2 |    10 |       ||    12
Throw: Javelin           |       |     2 |     6 |    15 |     2 ||    25
 Cast: Animate Skeleton  |       |       |       |    10 |       ||    10
       Vampiric Draining |       |       |       |     5 |       ||     5
       Repel Missiles    |       |       |       |     1 |       ||     1
 Abil: End Transformatio |       |       |       |     2 |       ||     2
       Bat Form          |       |       |       |     2 |       ||     2
Evoke: Wand              |       |       |       |    18 |     7 ||    25
       Fan of gales      |       |       |       |     1 |       ||     1
  Use: Potion            |       |     2 |     5 |     9 |     1 ||    17
       Scroll            |       |    10 |     7 |    19 |     2 ||    38
 Stab: Distracted        |       |       |       |     1 |       ||     1
  Eat: Corpse            |     6 |    16 |    26 |    25 |     3 ||    76
Armor: Leather armour    |    21 |     6 |       |       |       ||    27
       Scale mail        |       |   106 |   385 |   510 |    56 ||  1057
Dodge: Dodged            |    51 |   166 |   332 |   616 |   110 ||  1275
       Deflected         |       |       |       |     1 |     4 ||     5
